 Dungeon Crawl Stone Soup version 0.30.1-11-g7821555f0a (webtiles) character file.

Game seed: 4448391249333279000

839 lonewolfV2 the Trooper (level 8, 0/67 HPs)
             Began as a Formicid Fighter on Nov 15, 2023.
             Slain by an orc
             ... wielding a +0 trident
              (3 damage)
             ... on level 5 of the Dungeon.
             The game lasted 00:05:04 (4739 turns).

lonewolfV2 the Trooper (Formicid Fighter)           Turns: 4739, Time: 00:05:05

Health: 0/67       AC: 10    Str: 21    XL:     8   Next: 19%
Magic:  8/8        EV:  9    Int:  8    God:
Gold:   250        SH:  5    Dex: 15    Spells: 7/7 levels left

rFire   . . .        a - +0 war axe
rCold   . . .        c - +0 buckler
rNeg    . . .        b - +0 scale mail
rPois   .            (helmet unavailable)
rElec   .            u - +1 cloak
rCorr   .            (no gloves)
SInv    +            (no boots)
Will    .....        (no amulet) Stlth
                     (no ring)
HPRegen 0.31/turn    (no ring)
MPRegen 0.11/turn

%: no passive effects
@: no status effects
A: permanent stasis, dig shafts and tunnels, antennae 3, four strong arms
a: Dig, Shaft Self


You were on level 5 of the Dungeon.
You visited 1 branch of the dungeon, and saw 5 of its levels.

You collected 250 gold pieces.

Inventory:

Hand Weapons
 a - a +0 war axe (weapon)
Missiles
 q - a throwing net
Armour
 b - a +0 scale mail (worn)
 c - a +0 buckler (worn)
 u - a +1 cloak (worn)
Jewellery
 v - a ring of wizardry
Wands
 h - a wand of flame (3)
Scrolls
 j - a scroll of fog
Potions
 d - a potion of might
 e - 4 potions of attraction
 f - a potion of invisibility
 i - a potion of degeneration
 k - 3 potions of lignification
 l - a potion of flight
 m - a potion of brilliance {unknown}
 n - 2 potions of heal wounds
 r - a potion of mutation {unknown}
 s - 2 potions of curing
 t - a potion of cancellation {unknown}


   Skills:
 + Level 7.5 Fighting
 - Level 2.0 Axes
 + Level 7.5 Armour
 - Level 4.0 Shields


You had 7 spell levels left.
You didn't know any spells.
Your spell library contained the following spells:

 Spells                   Type           Power      Damage    Failure   Level
 Summon Small Mammal      Summ           0%         N/A       78%         1
 Call Canine Familiar     Summ           0%         N/A       98%         3
 Summon Guardian Golem    Hex/Summ       0%         N/A       98%         3


Dungeon Overview and Level Annotations

Branches:
Dungeon (5/15)
 Temple: D:4-7

Altars:
Okawaru
Vehumet
Zin

Shops:
D:4 ?


Innate Abilities, Weirdness & Mutations

You cannot be hasted, slowed, berserked, paralysed or teleported.
You can dig through walls and to a lower floor.
You have a pair of large antennae on your head. (SInv)
Your four strong arms can wield two-handed weapons with a shield.


Message History

The orc hits you from afar with a +0 trident.
The iguana bites you but does no damage.
The orc completely misses you. You block the orc's attack. x2
The iguana bites you! The orc hits you with a +0 mace.
You hit the iguana.
The iguana is moderately wounded.
You hit the orc but do no damage. You slash the orc!
You kill the orc!
You hit the orc. The orc hits you with a +0 mace.
The orc hits you but does no damage. The orc barely misses you.
The iguana barely misses you.
You closely miss the iguana.
The iguana is moderately wounded.
You hit the orc but do no damage. You barely miss the orc.
The orc hits you but does no damage. The orc barely misses you. x2
The iguana closely misses you.
You slash the iguana!
The iguana is heavily wounded.
You slash the orc!
You kill the orc!
You completely miss the orc.
The orc hits you with a +1 flail of protection.
You block the orc's attack.
The iguana bites you but does no damage.
The orc hits you with a +1 flail of protection.
The orc hits you but does no damage. The iguana bites you!
You barely miss the iguana.
The iguana is heavily wounded.
You hit the orc.
You kill the orc!
The orc barely misses you. The iguana bites you!
* * * LOW HITPOINT WARNING * * *
You barely miss the iguana.
The iguana is heavily wounded.
You block the orc's attack. The iguana bites you.
* * * LOW HITPOINT WARNING * * *
The iguana bites you.
* * * LOW HITPOINT WARNING * * *
The orc hits you from afar with a +0 trident.
You die...

..# #.# . #.#
.. #.# ...
#######.# ....
......#.# .....
.......†#......
......)@l......
......))######.
......o..
..........
..........#
..........#
...........
............


You could see an iguana and an orc.

Vanquished Creatures
  Grinder (D:4)
  Sigmund (D:3)
  A black bear (D:5)
  A scorpion (D:4)
  2 hounds
  Jessica (D:2)
  Natasha (thrice) (D:4)
  Robin (D:4)
  2 gnolls (D:4)
  3 adders
  A dart slug (D:3)
  4 worms
  11 orcs
  8 endoplasms
  3 giant cockroaches
  11 goblins
  4 hobgoblins
  4 jackals
  A quokka (D:1)
  10 ball pythons
  7 bats
  3 frilled lizards
  7 kobolds
  5 rats
95 creatures vanquished.

Notes
Turn   | Place    | Note
-------+----------+-------------------------------------------
     0 | D:1      | lonewolfV2 the Formicid Fighter began the quest for the
                  | Orb.
     0 | D:1      | Reached XP level 1. HP: 18/18 MP: 1/1
    53 | D:1      | You fall into a shaft and drop 1 floor!
    95 | D:2      | Reached XP level 2. HP: 16/25 MP: 2/2
   290 | D:1      | Reached XP level 3. HP: 30/30 MP: 3/3
   436 | D:1      | Found a faded altar of an unknown god.
  1105 | D:2      | Reached XP level 4. HP: 37/37 MP: 4/4
  1240 | D:2      | Noticed Jessica
  1244 | D:2      | Killed Jessica
  1530 | D:3      | Identified the +4 short sword "Killer Bee's Death" {flame,
                  | rElec rN+ Str+4 Dex-5}
  1578 | D:3      | Found an iron altar of Okawaru.
  1722 | D:3      | Reached XP level 5. HP: 43/43 MP: 5/5
  1834 | D:3      | Found a radiant altar of Vehumet.
  1835 | D:3      | Noticed Sigmund
  1841 | D:3      | Killed Sigmund
  1842 | D:3      | Reached skill level 5 in Fighting
  1842 | D:3      | Reached skill level 5 in Armour
  1842 | D:3      | Reached XP level 6. HP: 36/52 MP: 6/6
  2503 | D:4      | Noticed Robin
  2507 | D:4      | Noticed Natasha
  2517 | D:4      | Killed Robin
  2523 | D:4      | Killed Natasha
  2538 | D:4      | Noticed Grinder
  2742 | D:4      | Reached XP level 7. HP: 29/58 MP: 7/7
  3246 | D:4      | Killed Grinder
  3707 | D:4      | Noticed an angel
  3708 | D:4      | Found a glowing silver altar of Zin.
  3761 | D:4      | Noticed Natasha
  3773 | D:4      | Killed Natasha
  4032 | D:4      | Noticed Natasha
  4047 | D:4      | Killed Natasha
  4080 | D:4      | Found Geum's Magic Scroll Shoppe.
  4271 | D:4      | Reached XP level 8. HP: 67/67 MP: 8/8
  4727 | D:5      | Entered Level 5 of the Dungeon
  4739 | D:5      | HP: 3/67 [iguana (6)]
  4739 | D:5      | Slain by an orc

Illustrated notes

Levels and vault maps discovered:
D:1:      wander_arrival_desolate, layout_loops_ring,
          shapermc_ecumenical_altar_mp_highgroup, minmay_heptomino_l4
D:2:      layout_basic, uniq_jessica
D:3:      layout_basic, mainiacjoe_overflow_alcove_1,
          mainiacjoe_overflow_six_doors_small, uniq_sigmund
D:4:      minmay_inner_zag, layout_loops_corners, zin_angel, serial_shops, shop,
          cheibrodos_gnoll_hut, uniq_grinder, uniq_natasha, uniq_robin
D:5:      layout_basic, grunt_ashenzari_visionary
          [grunt_ashenzari_visionary_swamp, grunt_ashenzari_visionary_spider],
          doesnt_xom_only_xom, jmf_multi_god_temple, nicolae_specific_store,
          uniq_edmund

Skill      XL: |  1  2  3  4  5  6  7 |
---------------+----------------------+-----
Fighting       | 4 5 6 7 |  7.5
Armour         | 4 5 6 7 |  7.5
Axes           | |  2.0
Shields        | |  4.0

Action                     |  1- 3 |  4- 6 |  7- 9 || total
---------------------------+-------+-------+-------++-------
  Melee: War axe           |    81 |   123 |    81 ||   285
    Use: Scroll            |     5 |     3 |     6 ||    14
 Armour: Scale mail        |    66 |    51 |    41 ||   158
  Dodge: Dodged            |    41 |    54 |    63 ||   158
  Block: Buckler           |    21 |    40 |    29 ||    90
